 Dungeon Crawl Stone Soup version 0.22.0-5-gf09313c (webtiles) character file.

115 HaroldButt the Firebug (level 4, -7/33 HPs)
             Began as a Draconian Fire Elementalist on Aug 13, 2018.
             Mangled by an orc priest
             ... wielding a +0 war axe
              (12 damage)
             ... on level 3 of the Dungeon.
             The game lasted 00:10:13 (2108 turns).

HaroldButt the Firebug (DrFE)                       Turns: 2108, Time: 00:10:14

Health: -7/33      AC:  6    Str: 10    XL:     4   Next: 68%
Magic:  7/7        EV: 12    Int: 17    God:
Gold:   109        SH:  0    Dex: 11    Spells: 1/7 levels left

rFire    + . .     SeeInvis .   d - +1 rapier (elec)
rCold    . . .     Gourm    .   (no shield)
rNeg     . . .     Faith    .   (armour unavailable)
rPois    .         Spirit   .   (helmet restricted)
rElec    .         Reflect  .   (no cloak)
rCorr    .         Harm     .   h - +0 pair of gloves
MR       .....                  (no boots)
Stlth    ++........             (no amulet)
HPRegen  0.11/turn              (no ring)
MPRegen  0.10/turn              k - ring of protection from fire

@: no status effects
A: unfitting armour, cold-blooded, AC +5
a: no special abilities


You were on level 3 of the Dungeon.
You were not hungry.

You visited 1 branch of the dungeon, and saw 3 of its levels.

You collected 109 gold pieces.


Innate Abilities, Weirdness & Mutations

Your plain brown scales are hard. (AC +5)
You cannot fit into any form of body armour.
You are cold-blooded and may be slowed by cold attacks.


   Skills:
 - Level 1.7 Dodging
 - Level 1.7 Stealth
 - Level 2.0 Spellcasting
 - Level 1.0 Conjurations
 + Level 5.5 Fire Magic


You had one spell level left.
You knew the following spells:

 Your Spells              Type           Power        Failure   Level  Hunger
x - Throw Flame           Conj/Fire      ##....       8%          2    ###....
z - Flame Tongue          Conj/Fire      ##...        4%          1    #......
Z - Conjure Flame         Conj/Fire      ##......     16%         3    ###....

Your spell library contained the following spells:

 Spells                   Type           Power        Failure   Level  Hunger
 Fireball                 Conj/Fire      ##........   80%         5    ######.
 Sticky Flame             Conj/Fire      ##......     45%         4    #####..
 Inner Flame              Hex/Fire       ##......     19%         3    ###....

Inventory:

Hand Weapons
 d - a +1 rapier of electrocution (weapon)
 e - a +0 dagger
Armour
 h - a +0 pair of gloves (worn)
Jewellery
 k - a ring of protection from fire (right hand)
Scrolls
 c - 2 scrolls of noise {unknown}
 g - 2 scrolls of identify {unknown}
 j - a scroll of teleportation {unknown}
 l - a scroll of remove curse {unknown}
 m - a scroll of fear {unknown}
Potions
 a - a potion of cancellation {unknown}
 f - a potion of degeneration {unknown}
 n - a potion of brilliance {unknown}
Comestibles
 b - 4 rations
 i - 4 chunks of flesh

Dungeon Overview and Level Annotations

Branches:
Dungeon (3/15)

Altars:

Annotations:
D:3 3 runed doors, Ijustatesigmund's ghost, weakling HOFi; biddum's ghost, amateur MiFi

.............▒.£.. ▒.
▒▒▒.............. ..
▒........▒...▒▒▒ ▒
▒........▒▒▒....▒▒
▒.................
▒..)....▒▒▒▒▒▒▒...
▒.......▒ ▒...
▒.......▒ ▒▒▒...
▒▒▒▒▒do.....▒▒▒▒▒....)
▒.......!.▒▒†..........
▒.......▒▒▒▒...........
▒....▒▒▒▒ ▒...........
▒.... ▒...........
▒>... ▒.........▒▒ ▒...
▒▒▒▒........▒▒▒ ▒...
▒......>....▒▒▒
▒.▒▒........▒..


You could see an orc priest.


Message History

Something hits you.
You hear some strange, mumbled words.
A puff of flame appears from out of thin air!
The puff of flame hits you! You resist.
You closely miss something. Something hits you but does no damage.
You barely miss something.
The orc priest looks encouraged for a moment.
Something hits you but does no damage.
You hit something. Something hits you but does no damage.
You closely miss the orc priest. Something hits you but does no damage.
The orc priest barely misses you.
You hit the orc priest.
The orc priest is lightly wounded.
Something hits you but does no damage. The orc priest misses you.
Something hits you.
You barely miss the orc priest.
The orc priest is lightly wounded.
The orc priest mumbles some strange prayers to Beogh against you.
Pain shoots through your body!
* * * LOW HITPOINT WARNING * * *
Something hits you but does no damage.
You barely miss the orc priest.
The orc priest is lightly wounded.
The orc priest hits you with a war axe!
You die...

Action                   |  1- 3 |  4- 6 || total
-------------------------+-------+-------++-------
Melee: Rapier            |    33 |    49 ||    82
       Tailslap          |     2 |     3 ||     5
 Cast: Flame Tongue      |    26 |     4 ||    30
       Throw Flame       |     1 |       ||     1
       Conjure Flame     |     1 |       ||     1
 Stab: Sleeping          |     1 |       ||     1
  Eat: Chunk             |     2 |     3 ||     5
Armor: Skin              |    13 |    29 ||    42
Dodge: Dodged            |    26 |    24 ||    50

Vault maps used:
D:1:      dpeg_arrival_simpleton_a
D:3:      nicolae_overflow_hidden_temple, gammafunk_ghost_cemetery,
          evilmike_ruin_ashenzari

Notes
Turn   | Place    | Note
-------+----------+-------------------------------------------
     0 | D:1      | HaroldButt the Draconian Fire Elementalist began the quest for the Orb.
     0 | D:1      | Reached XP level 1. HP: 14/14 MP: 3/3
   197 | D:1      | Reached XP level 2. HP: 20/20 MP: 1/5
   268 | D:1      | Learned a level 2 spell: Throw Flame
   710 | D:2      | Reached skill level 4 in Fire Magic
   819 | D:2      | Reached XP level 3. HP: 21/26 MP: 4/6
  1182 | D:2      | Learned a level 3 spell: Conjure Flame
  1353 | D:2      | HP: 1/26 [leopard gecko (2)]
  1354 | D:2      | Reached XP level 4. HP: 2/33 MP: 3/7
  1711 | D:2      | Reached skill level 5 in Fire Magic
  1983 | D:3      | Found a runed gate.
  1983 | D:3      | Found a runed gate.
  1984 | D:3      | Found a runed gate.
  1987 | D:3      | Noticed biddum's ghost (amateur MiFi)
  1991 | D:3      | Noticed Ijustatesigmund's ghost (weakling HOFi)
  2108 | D:3      | Mangled by an orc priest

Vanquished Creatures
  4 gnolls (D:2)
  3 adders
  2 worms
  A dart slug (D:2)
  A leopard gecko (D:2)
  2 orcs (D:3)
  A giant cockroach (D:1)
  7 hobgoblins
  2 kobolds
  A quokka (D:3)
  A ball python (D:2)
  7 bats
  2 frilled lizards
  5 goblins
  7 rats
46 creatures vanquished.
